 Dungeon Crawl Stone Soup version 0.31-a0-214-gb37851dbb3 (webtiles) character file.

Game seed: 2839544570683321668

66 qw the Chopper (level 4, -1/28 HPs)
             Began as a Gargoyle Fighter on July 1, 2023.
             Slain by an orc wizard
             ... wielding a +0 dagger
              (3 damage)
             ... on level 3 of the Dungeon.
             The game lasted 00:00:40 (1357 turns).

qw the Chopper (Gargoyle Fighter)                   Turns: 1357, Time: 00:00:40

Health: -1/28      AC: 11    Str: 22    XL:     4   Next: 15%
Magic:  4/4        EV:  9    Int:  8    God:
Gold:   133        SH:  0    Dex:  9    Spells: 3/3 levels left

rFire   . . .        Y - +0 war axe
rCold   . . .        c - +0 buckler
rNeg    + . .        b - +0 scale mail
rPois   inf          f - +0 helmet
rElec   +            (no cloak)
rCorr   .            (no gloves)
SInv    .            (no boots)
Will    .....        (no amulet) Stlth
                     (no ring)
HPRegen 0.24/turn    (no ring)
MPRegen 0.09/turn

%: no passive effects
@: confused
A: sickness immunity, AC +3, negative energy resistance 1, electricity
resistance, torment resistance 1, petrification resistance
a: no special abilities


You were on level 3 of the Dungeon.
You visited 1 branch of the dungeon, and saw 3 of its levels.

You collected 133 gold pieces.


Innate Abilities, Weirdness & Mutations

You are immune to sickness and miasma.
Your stone body is resilient. (AC +3)
You are immune to poison.
You resist negative energy. (rN+)
You are resistant to electric shocks. (rElec)
You are resistant to unholy torment.
You are immune to petrification.


   Skills:
 - Level 3.2 Fighting
 + Level 3.9 Axes
 - Level 3.2 Armour
 - Level 3.2 Shields


You had 3 spell levels left.
You didn't know any spells.
Your spell library was empty.

Inventory:

Hand Weapons
 g - a +0 whip
 Y - a +0 war axe (weapon)
Armour
 b - a +0 scale mail (worn)
 c - a +0 buckler (worn)
 f - a +0 helmet (worn)
Scrolls
 j - 2 scrolls of identify
Potions
 a - a potion of heal wounds {unknown}
 d - 2 potions of might
 e - a potion of attraction {unknown}
 h - a potion of magic {unknown}

Dungeon Overview and Level Annotations

Branches:
Dungeon (3/15)

Altars:
Vehumet


Message History

The kobold shouts!
The orc wizard hits you but does no damage.
You barely miss the orc wizard. You hit the kobold.
You kill the kobold!
The orc wizard hits you but does no damage.
You closely miss the orc. The orc barely misses you.
You hit the orc.
The orc is almost dead.
The orc wizard casts a spell.
The orc wizard flickers and vanishes!
Deactivating autopickup; reactivate with Ctrl-A.
The orc hits you but does no damage.
The orc priest calls down the wrath of Beogh upon you.
Beogh smites you! The orc hits you with a +0 flail.
You closely miss the orc.
The orc is almost dead.
You closely miss something. The orc barely misses you.
You hear some strange, mumbled words.
Something tries to affect you, but you resist.
The orc priest invokes the aid of Beogh against you.
Beogh smites you!
You slash the orc!
You kill the orc!
You barely miss something. Something hits you but does no damage.
You hit the orc priest.
The orc priest is moderately wounded.
You barely miss something.
You hear some strange, mumbled words.
You are confused.
The orc priest hits you but does no damage.
The orc priest hits you but does no damage.
Something hits you but does no damage.
The orc priest hits you but does no damage.
Something hits you but does no damage.
The orc priest mumbles some strange prayers to Beogh against you.
You barely resist. Something hits you.
You die...

#### .# #. #
.# #. # .#
#. # .####
#.# #
###....# #..
# ......# #.
#.## #
#o{...#
#..(#..###
#@#####
#......#
#.....#
#####...
#.###.##
##.# :..#
#..# #.#
##### ##.##
#.# #..###
#.# ##...###
#.#
###...####.#
###..(##.#


You could see an orc priest.

Vanquished Creatures
  Jessica (D:2)
  3 dart slugs
  An orc (D:3)
  3 ball pythons (D:2)
  4 bats
  5 endoplasms
  2 giant cockroaches
  2 goblins
  3 hobgoblins
  2 frilled lizards
  2 kobolds
  5 rats
33 creatures vanquished.

Notes
Turn   | Place    | Note
-------+----------+-------------------------------------------
     0 | D:1      | qw the Gargoyle Fighter began the quest for the Orb.
     0 | D:1      | Reached XP level 1. HP: 14/14 MP: 1/1
     0 | D:1      | 0 ||| qw: Version: 0.3-a-32-g5962c71
     0 | D:1      | 0 ||| qw: Game counter: 7351
     0 | D:1      | 0 ||| qw: Melee chars always use a shield: true
     0 | D:1      | 0 ||| qw: God list: Okawaru
     0 | D:1      | 0 ||| qw: Allow faded altars: false
     0 | D:1      | 0 ||| qw: Do Orc after clearing Dungeon:15 true
     0 | D:1      | 0 ||| qw: Do second Lair branch before Depths: true
     0 | D:1      | 0 ||| qw: Lair rune preference: random
     0 | D:1      | 0 ||| qw: Goals: Normal, Zot:1-4, Slime:5, God:TSO, Crypt,
                  | Tomb, Abyss, Pan, Hells, Win
     0 | D:1      | 0 ||| PLANNING D:1-11
   155 | D:1      | Reached XP level 2. HP: 17/19 MP: 2/2
   215 | D:1      | 215 ||| Stepping ~*~*~tactically~*~*~ (hiding).
   452 | D:1      | 452 ||| READING scroll labelled IGHIZUPHA YGEU.
   485 | D:2      | Reached skill level 3 in Axes
   533 | D:2      | Reached XP level 3. HP: 22/23 MP: 3/3
   580 | D:2      | Found a radiant altar of Vehumet.
   788 | D:2      | 788 ||| Stepping ~*~*~tactically~*~*~ (hiding).
   929 | D:2      | Noticed Jessica
   930 | D:2      | 930 ||| Stepping ~*~*~tactically~*~*~ (hiding).
   940 | D:2      | Killed Jessica
   941 | D:2      | Reached XP level 4. HP: 26/28 MP: 4/4
  1217 | D:2      | 1217 ||| UPGRADING to +0 helmet.
  1222 | D:2      | 1222 ||| READING 2 scrolls labelled OFO ZIMECW.
  1223 | D:2      | 1223 ||| READING scroll labelled KYGOAD LYNUSIL.
  1224 | D:2      | 1224 ||| DROPPING scroll of fog.
  1352 | D:3      | HP: 1/28 [orc priest/divine providence (13)]
  1357 | D:3      | Slain by an orc wizard

Levels and vault maps discovered:
D:1:      minmay_arrival_radiant_lines, layout_rooms, nrook_campfire,
          st_stairs_6
D:2:      layout_loops_ring, basic_altar, hangedman_glass_teeth, uniq_jessica
D:3:      layout_rooms

Skill      XL: |  1  2 |
---------------+-------+-----
Axes           | 2 3 |  3.9
Fighting       | |  3.2
Armour         | |  3.2
Shields        | |  3.2

Action                     |  1- 3 |  4- 6 || total
---------------------------+-------+-------++-------
  Melee: War axe           |    69 |    27 ||    96
    Use: Scroll            |     1 |     2 ||     3
 Armour: Scale mail        |    22 |    23 ||    45
  Dodge: Dodged            |    38 |    13 ||    51
  Block: Buckler           |    10 |     6 ||    16

Table legend:
 A = Non-vault XP
 B = Vault XP
 C = Vault XP percentage of total XP
 D = Non-vault monster count
 E = Vault monster count
 F = Vault count percentage of total count
                 A         B        C        D         E       F
            +---------+---------+-------+---------+---------+-------
      Total |      56 |      39 |  41.1 |      31 |       2 |   6.1
            +---------+---------+-------+---------+---------+-------
        D:1 |      25 |       2 |   7.4 |      12 |       1 |   7.7
        D:2 |      24 |      37 |  60.7 |      15 |       1 |   6.2
        D:3 |       7 |       0 |   0.0 |       4 |       0 |   0.0
            +---------+---------+-------+---------+---------+-------
